AoeStats
← EmperorNowBack

Arabian Desert

509698977Analyzed
1v1 RM · 4d ago on Sep 27, 2026· 30m 57s· 2 players
Game mode
Random Map
Map size
Tiny (2 player)
Population
200
Speed
Normal
Resources
Standard
Victory
Conquest
Starting age
Dark Age
Ending age
Imperial Age
RankedLock teamsTeams togetherTeam positionsShared explorationLock speedFull tech treeHidden civsTurbo modeCheats
Victory
Defeat
🇺🇸 Franks · United States
1614
+15
🇧🇷 Burgundians · Brazil
1597
-15
EmperorNowBack
4:40 Double-Bit Axe
8:02 Loom
10:17 Feudal Age
9:47 Horse Collar
11:26 Bow Saw
11:18 Heavy Plow
20:37 Castle Age
20:28 Scale Barding Armor
20:14 Gold Mining
23:36 Chain Barding Armor
23:10 Cavalier
24:05 Husbandry
27:58 Fletching
28:29 Padded Archer Armor
27:55 Elite Skirmisher
joethebro229
6:38 Loom
8:44 Feudal Age
9:23 Double-Bit Axe
14:42 Fletching
21:05 Castle Age
19:25 Gold Mining
20:42 Scale Barding Armor
21:43 Bodkin Arrow
23:26 Husbandry
23:30 Padded Archer Armor
26:10 Ballistics
28:21 Leather Archer Armor
Connection lost

Rejoining the realm…

Still unreachable

The connection could not be restored.

Session expired

The server has moved on; the page needs a fresh start.